 Dungeon Crawl Stone Soup version 0.23-b1 (webtiles) character file.

Game seed: 5051118710481318026

120 Kairos the Skirmisher (level 5, -4/28 HPs)
             Began as a Vine Stalker Fighter on Jan 30, 2019.
             Killed by divine providence
             ... invoked by an orc priest
              (12 damage)
             ... on level 3 of the Dungeon.
             The game lasted 00:03:42 (2020 turns).

Kairos the Skirmisher (Vine Stalker Fighter)        Turns: 2020, Time: 00:03:43

Health: -4/28      AC:  9    Str: 20    XL:     5   Next: 4%
Magic:  0/6        EV:  7    Int:  8    God:
Gold:   67         SH: 11    Dex: 13    Spells: 4/4 levels left

rFire    . . .     SeeInvis +   a - +0 war axe
rCold    . . .     Gourm    .   l - +2 shield
rNeg     . . .     Faith    .   b - +0 scale mail
rPois    +         Spirit   +   x - +2 helmet {SInv}
rElec    .         Reflect  .   (no cloak)
rCorr    +         Harm     .   (no gloves)
MR       .....                  (no boots)
Stlth    ..........             (no amulet)
HPRegen  0.49/turn              h - ring of poison resistance
MPRegen  0.10/turn              A - ring of resist corrosion

@: no status effects
A: fangs 2, regeneration 1, magic shield, antimagic bite, no potion heal 3, rot
immunity
a: no special abilities


You were on level 3 of the Dungeon.
You were not hungry.

You visited 1 branch of the dungeon, and saw 3 of its levels.

You collected 67 gold pieces.

Inventory:

Hand Weapons
 a - a +0 war axe (weapon)
Missiles
 n - 8 javelins (quivered)
 q - 17 poisoned needles
 r - 7 tomahawks
Armour
 b - a +0 scale mail (worn)
 l - a +2 shield (worn)
 x - a +2 helmet of see invisible (worn)
Jewellery
 h - a ring of poison resistance (left hand)
 w - an uncursed ring of fire
 A - a ring of resist corrosion (right hand)
Scrolls
 i - a scroll of magic mapping {unknown}
 j - 3 scrolls of teleportation {unknown}
 k - a scroll of fear
 m - a scroll of fog {unknown}
 o - a scroll of identify {unknown}
 s - a scroll of remove curse
 y - a scroll of enchant armour {unknown}
Potions
 d - a potion of might
 e - a potion of resistance {unknown}
 g - a potion of haste {unknown}
 t - a potion of brilliance {unknown}
 u - a potion of mutation {unknown}
 v - a potion of flight {unknown}
Comestibles
 f - 5 rations


   Skills:
 + Level 3.4 Fighting
 + Level 2.9 Axes
 + Level 2.8 Armour
 + Level 0.4 Dodging
 + Level 0.6 Stealth
 + Level 3.2 Shields


You had 4 spell levels left.
You didn't know any spells.
Your spell library was empty.

Dungeon Overview and Level Annotations

Branches:
Dungeon (3/15)

Altars:
Dithmenos
Fedhas
Nemelex Xobeh
Sif Muna
Trog
Xom


Innate Abilities, Weirdness & Mutations

You have extremely sharp teeth.
Your natural rate of healing is unusually fast.
When hurt, damage is shared between your health and your magic reserves.
Your bite disrupts and absorbs the magic of your enemies.
Potions cannot restore your health.
You are immune to rotting.


Message History

You see here a fizzy inky potion.
The orc priest calls down the wrath of Beogh upon you.
Beogh smites you!
You hear a shout!
The orc wizard casts a spell at you. The magic dart hits you.
An orc priest comes into view.
The orc priest invokes the aid of Beogh against you.
Beogh smites you!
* * * LOW HITPOINT WARNING * * *
You hear a bark!
The orc wizard gestures at you while chanting.
You resist with some effort.
A hobgoblin comes into view.
The hobgoblin shouts!
The orc priest looks encouraged for a moment.
There is a stone staircase leading up here.
The orc priest calls down the wrath of Beogh upon you.
Beogh smites you!
You die...

##################
.....#...........#
.................###
...................
#.....)).)....#
#......†.........
#....†......##### #
#..@.....^.## ..
##........## ...
#..h.......#
....##............
............o....##
.....#..oo......##
....##....o.og...
......#..........
....#.#.!.....#.


You could see 2 orc priests, an orc wizard, 2 orcs, a jackal and a hobgoblin.

Vanquished Creatures
  An orc wizard (D:3)
  3 adders (D:2)
  A worm (D:2)
  2 dart slugs (D:1)
  2 leopard geckos (D:2)
  3 orcs (D:3)
  3 giant cockroaches
  5 goblins
  11 hobgoblins
  2 jackals (D:2)
  5 kobolds
  A quokka (D:2)
  2 ball pythons
  6 bats
  3 frilled lizards (D:2)
  3 rats
53 creatures vanquished.

Notes
Turn   | Place    | Note
-------+----------+-------------------------------------------
     0 | D:1      | Kairos the Vine Stalker Fighter began the quest for the
                  | Orb.
     0 | D:1      | Reached XP level 1. HP: 11/11 MP: 2/2
    47 | D:1      | Reached XP level 2. HP: 16/16 MP: 3/3
   294 | D:1      | Reached XP level 3. HP: 20/20 MP: 2/4
   675 | D:2      | Found a bloodstained altar of Trog.
   676 | D:2      | Found a deep blue altar of Sif Muna.
   676 | D:2      | Found a shadowy altar of Dithmenos.
   676 | D:2      | Found a blossoming altar of Fedhas.
  1224 | D:2      | Gained mutation: Your natural rate of healing is unusually
                  | fast. [Vine Stalker growth]
  1224 | D:2      | Reached XP level 4. HP: 24/24 MP: 5/5
  1307 | D:2      | Found a shimmering altar of Xom.
  1719 | D:2      | Found a sparkling altar of Nemelex Xobeh.
  1989 | D:3      | Reached XP level 5. HP: 19/28 MP: 6/6
  2020 | D:3      | Killed from afar by an orc priest

Skill      XL: |  1  2  3 |
---------------+----------+-----
Fighting       | 3 |  3.4
Axes           | 2 |  2.9
Shields        | 3 |  3.2
Armour         | |  2.8
Dodging        | |  0.4
Stealth        | |  0.6

Action                   |  1- 3 |  4- 6 || total
-------------------------+-------+-------++-------
Melee: War axe           |    89 |    60 ||   149
       Bite              |    19 |    17 ||    36
  Use: Scroll            |     2 |     1 ||     3
  Eat: Chunk             |     1 |     3 ||     4
Armor: Scale mail        |    40 |    25 ||    65
Dodge: Dodged            |    28 |    26 ||    54
Block: Shield            |    60 |    54 ||   114
